 Dungeon Crawl Stone Soup version 0.30-a0-916-g9813417 (webtiles) character file.

Game seed: 17241887152479028578

154 Think the Ducker (level 5, -2/31 HPs)
             Began as an Octopode Conjurer on Apr 8, 2023.
             Slain by a goblin
             ... wielding a +0 club
             ... led by Robin
              (3 damage)
             ... on level 3 of the Dungeon.
             The game lasted 00:06:40 (2841 turns).

Think the Ducker (Octopode Conjurer)                Turns: 2841, Time: 00:06:41

Health: -2/31      AC:  1    Str:  6    XL:     5   Next: 36%
Magic:  5/8        EV: 14    Int: 22    God:
Gold:   168        SH:  0    Dex: 11    Spells: 5/8 levels left

rFire   . . .      SeeInvis .    c - +0 short sword (freeze)
rCold   . . .      Faith    .    (no shield)
rNeg    . . .      Spirit   .    (helmet restricted)
rPois   .          Reflect  .    (no amulet)
rElec   .          Rampage  .    (no ring)
rCorr   .                        (no ring)
Will    .....                    (no ring)
Stlth   +++                      (no ring)
HPRegen 0.25/turn                (no ring)
MPRegen 0.11/turn                (no ring)
                                 (no ring)
                                 (no ring)

@: mighty
A: almost no armour, amphibious, 8 rings, camouflage 1, gelatinous body 1,
(nimble swimmer 1), tentacles
a: no special abilities


You were on level 3 of the Dungeon.
You visited 1 branch of the dungeon, and saw 3 of its levels.

You collected 168 gold pieces.

Inventory:

Hand Weapons
 c - a +0 short sword of freezing (weapon)
Wands
 p - a wand of mindburst (12)
Scrolls
 b - a scroll of torment {unknown}
 e - a scroll of butterflies
 f - a scroll of fog
 g - 2 scrolls of teleportation
 h - a scroll of vulnerability
 n - a scroll of identify
Potions
 a - 2 potions of magic
 d - a potion of cancellation {unknown}
 i - a potion of mutation {unknown}
 j - a potion of flight {unknown}
 k - a potion of attraction {unknown}
 l - a potion of degeneration {unknown}
 m - a potion of resistance {unknown}
 o - 2 potions of curing {unknown}
 r - a potion of ambrosia {unknown}


   Skills:
 + Level 5.4 Dodging
 - Level 2.6 Stealth
 - Level 2.0 Spellcasting
 - Level 4.0 Conjurations


You had 5 spell levels left.
You knew the following spells:

 Your Spells              Type           Power      Damage    Failure   Level
a - Magic Dart            Conj           76%        1d6       2%          1
b - Searing Ray           Conj           38%        2d5       4%          2

Your spell library contained the following spells:

 Spells                   Type           Power      Damage    Failure   Level
 Necrotise                Necr           8%         1d4       14%         1
 Dazzling Flash           Conj/Hex       22%        N/A       19%         3
 Call Imp                 Summ           2%         N/A       21%         2
 Mephitic Cloud           Conj/Pois/Air  8%         N/A       24%         3
 Vampiric Draining        Necr           2%         2d6       38%         3
 Fulminant Prism          Conj/Hex       5%         3d7       52%         4
 Iskenderun's Mystic Bla  Conj/Tloc      11%        2d4       52%         4
 Agony                    Necr           2%         N/A       98%         5


Dungeon Overview and Level Annotations

Branches:
Dungeon (3/15)

Altars:
Ashenzari
Gozag
Okawaru

Annotations:
D:3 Robin


Innate Abilities, Weirdness & Mutations

You cannot wear most types of armour.
You are amphibious.
You can wear up to eight rings at the same time.
Your skin changes colour to match your surroundings (Stealth+).
Your rubbery body absorbs attacks. (AC +1, EV +1)
((You are camouflaged when in or above water. (Stealth+)))
You have tentacles for arms and can constrict up to eight enemies at once.


Message History

You hit the goblin. You freeze the goblin.
You kill the goblin!
Robin throws the goblin at you! The goblin hits you with a +0 dagger.
The hobgoblin closely misses you.
Casting: Magic Dart (safe; 2% risk of failure)
Confirm with . or Enter, or press ? or * to list all spells.
Aiming: Searing Ray (safe; 4% risk of failure)
Press: ? - help, Shift-Dir - straight line, f - goblin
Aim: a goblin, wielding a +0 dagger (strong, 72% to hit)
The searing ray hits the goblin.
You kill the goblin! (Press . to maintain the ray.)
A hobgoblin comes into view.
The hobgoblin hits you but does no damage.
The goblin hits you with a +0 dagger. The hobgoblin attacks as you move away!
The hobgoblin closely misses you.
The goblin no longer looks unusually strong.
Robin throws the goblin at you! The goblin completely misses you.
Things that are here:
a +0 dagger; a +0 club; a goblin corpse You hit the goblin.
You freeze the goblin. Your grab misses the goblin.
The goblin is severely wounded.
The goblin hits you with a +0 club. The hobgoblin hits you.
Robin throws the goblin at you!
* * * LOW HITPOINT WARNING * * *
The goblin misses you. The goblin barely misses you.
You hit the goblin. You freeze the goblin. You grab the goblin.
You squeeze the goblin.
The goblin is severely wounded.
You constrict the goblin.
You kill the goblin!
Robin roars a battlecry!
The goblin goes into a battle-frenzy!
The hobgoblin closely misses you. The goblin hits you with a +0 club.
* * * LOW HITPOINT WARNING * * *
You feel very mighty all of a sudden. The hobgoblin hits you.
* * * LOW HITPOINT WARNING * * *
The goblin hits you with a +0 club.
You die...

#..........######................
|.......#########................
#..>..................(..........
........#############...(........
#.......# #............ .....####
####.....<...... .....#
###............... .....#
####g).#.#........... .....##
###.gg@###.##.....##... ......##
##...#### #.#####..##..#
....#..###.g### #.# ##.###.#
....##.#...## #.## #.# #.#
##...#..g### #####..### #.###†#
####.#.g.# #...#....###..##.#
.###...#.## ###...........##)#
......##g.# #...........##..
......###g# #...........###.


You could see Robin, a hobgoblin (strong) and 2 goblins.

Vanquished Creatures
  An orc priest (D:3)
  5 adders
  A worm (D:2)
  3 orcs (D:3)
  6 bats
  7 endoplasms
  6 giant cockroaches
  15 goblins
  5 hobgoblins
  3 quokkas
  8 ball pythons
  3 frilled lizards
  5 kobolds
  A rat (D:2)
69 creatures vanquished.

Notes
Turn   | Place    | Note
-------+----------+-------------------------------------------
     0 | D:1      | Think the Octopode Conjurer began the quest for the Orb.
     0 | D:1      | Reached XP level 1. HP: 11/11 MP: 3/3
   169 | D:1      | Reached XP level 2. HP: 17/17 MP: 0/5
   199 | D:1      | Learned a level 2 spell: Searing Ray
   338 | D:1      | Reached skill level 3 in Dodging
   814 | D:1      | Reached XP level 3. HP: 21/21 MP: 1/6
  1374 | D:2      | Reached skill level 4 in Dodging
  1619 | D:2      | Reached XP level 4. HP: 27/27 MP: 3/7
  2278 | D:3      | Found an iron altar of Okawaru.
  2280 | D:3      | Found an opulent altar of Gozag.
  2341 | D:3      | Reached skill level 5 in Dodging
  2341 | D:3      | Reached XP level 5. HP: 11/31 MP: 8/8
  2661 | D:3      | Found a broken altar of Ashenzari.
  2817 | D:3      | Noticed Robin
  2841 | D:3      | HP: 1/31 [hobgoblin[Robin] (3)]
  2841 | D:3      | Slain by a goblin

Illustrated notes

Levels and vault maps discovered:
D:1:      enne_arrival_octagon_isle, layout_loops_ring, minmay_octomino_j4
D:2:      layout_loops_ring
D:3:      layout_rooms, mainiacjoe_overflow_catwalk_spiral,
          evilmike_ruin_ashenzari, uniq_robin

Skill      XL: |  1  2  3  4 |
---------------+-------------+-----
Dodging        | 3 4 5 |  5.4
Stealth        | |  2.6
Spellcasting   | |  2.0
Conjurations   | |  4.0

Action                     |  1- 3 |  4- 6 || total
---------------------------+-------+-------++-------
  Melee: Unarmed           |     8 |       ||     8
         Constrict         |     7 |     7 ||    14
         Short sword       |    13 |    35 ||    48
         Tentacles         |     7 |     8 ||    15
   Cast: Magic Dart        |    63 |     9 ||    72
         Searing Ray       |     7 |    11 ||    18
    Use: Scroll            |     4 |       ||     4
         Potion            |     1 |     2 ||     3
   Stab: Sleeping          |       |     1 ||     1
 Armour: Skin              |     6 |     6 ||    12
  Dodge: Dodged            |    12 |    28 ||    40

Table legend: (Time is in decaauts)
 A = Elapsed time spent in this place.
 B = Non-inter-level travel time spent in this place.
 C = Inter-level travel time spent in this place.
 D = Time resting spent in this place.
 E = Time spent auto-exploring this place.
 F = Levels seen in this place.
 G = Mean time per level.
                   A        B        C        D        E       F      G
               +--------+--------+--------+--------+--------+-----+--------+
         Total |   2841 |   2774 |     67 |    473 |   1877 |   3 |  947.0 |
       Dungeon |   2841 |   2774 |     67 |    473 |   1877 |   3 |  947.0 |
               +--------+--------+--------+--------+--------+-----+--------+

Top non-repeatable levels by time:
     D:2: 1293 daAuts
     D:1: 959 daAuts
     D:3: 588 daAuts
